 Dungeon Crawl Stone Soup version 0.22.1-1-ga44c0e5 (webtiles) character file.

3783 Rayvis the Grappler (level 9, -2/88 HPs)
             Began as a Troll Conjurer on Oct 14, 2018.
             Was a Follower of Okawaru.
             Slain by a four-headed hydra (12 damage)
             ... on level 8 of the Dungeon.
             The game lasted 00:14:56 (7418 turns).

Rayvis the Grappler (Troll Conjurer)                Turns: 7418, Time: 00:14:57

Health: -2/88      AC:  8    Str: 18    XL:     9   Next: 95%
Magic:  0/9        EV: 11    Int: 11    God:    Okawaru [*.....]
Gold:   411        SH:  0    Dex: 13    Spells: 9/10 levels left

rFire    + . .     SeeInvis .   z - +4 quarterstaff "Weqeuzec" {crush, rPois}
rCold    . . .     Gourm    +   (shield currently unavailable)
rNeg     + . .     Faith    .   a - +1 robe
rPois    +         Spirit   +   (helmet restricted)
rElec    .         Reflect  .   y - +1 cloak {rPois}
rCorr    .         Harm     .   (gloves unavailable)
MR       .....                  (boots unavailable)
Stlth    ++........             w - amulet of guardian spirit
HPRegen  0.64/turn              h - ring of positive energy
MPRegen  0.11/turn              i - ring of protection from fire

@: no status effects
A: large, unfitting armour, claws 3, fast metabolism 3, gourmand, regeneration
1, shaggy fur 1, tough skin 2
a: Heroism, Renounce Religion


You were on level 8 of the Dungeon.
You worshipped Okawaru.
Okawaru was aware of your devotion.
You were not hungry.

You visited 2 branches of the dungeon, and saw 9 of its levels.
You also visited: Ossuary.

You collected 411 gold pieces.

Inventory:

Hand Weapons
 z - the +4 quarterstaff "Weqeuzec" (weapon) {crush, rPois}
   (You found it on level 5 of the Dungeon)

   It inflicts extra damage upon your enemies.
   It protects you from poison.
Armour
 a - a +1 robe (worn)
 y - a +1 cloak of poison resistance (worn)
Jewellery
 h - a ring of positive energy (left claw)
 i - a ring of protection from fire (right claw)
 w - an amulet of guardian spirit (around neck)
Wands
 k - a wand of iceblast (14)
 m - a wand of enslavement (8)
 B - a wand of flame (38)
 C - a wand of digging (18)
 F - a wand of random effects (16)
 G - a wand of polymorph (8)
Scrolls
 b - 5 scrolls of teleportation
 e - 5 scrolls of remove curse
 o - a scroll of immolation
 u - 2 scrolls of amnesia
 v - 2 scrolls of blinking
 x - 2 scrolls of enchant armour
 E - 2 scrolls of fear
Potions
 d - 4 potions of magic
 f - a potion of brilliance {unknown}
 g - 5 potions of flight
 j - 3 potions of heal wounds
 l - 4 potions of lignification
 n - a potion of berserk rage {unknown}
 p - 2 potions of degeneration {unknown}
 q - 2 potions of haste {unknown}
 r - a potion of might
 s - a potion of cancellation {unknown}
 t - 2 potions of agility {unknown}
 A - 4 potions of curing
 D - a potion of ambrosia {unknown}
Comestibles
 c - 13 rations


   Skills:
 * Level 5.0 Fighting
 + Level 3.9 Dodging
 - Level 1.0 Stealth
 - Level 11.8 Unarmed Combat
 - Level 1.2 Spellcasting
 - Level 2.9 Conjurations


You had 9 spell levels left.
You knew the following spells:

 Your Spells              Type           Power        Failure   Level  Hunger
a - Magic Dart            Conj           #...         10%         1    ##.....

Your spell library contained the following spells:

 Spells                   Type           Power        Failure   Level  Hunger
 Searing Ray              Conj           #.....       14%         2    ###....
 Animate Skeleton         Necr           N/A          32%         1    ##.....
 Apportation              Tloc           #.....       32%         1    ##.....
 Confusing Touch          Hex            #.....       32%         1    ##.....
 Infusion                 Chrm           #...         32%         1    ##.....
 Summon Small Mammal      Summ           #...         32%         1    ##.....
 Blink                    Tloc           N/A          43%         2    ###....
 Call Imp                 Summ           #.......     43%         2    ###....
 Shroud of Golubria       Chrm/Tloc      #.........   43%         2    ###....
 Slow                     Hex            #.......     43%         2    ###....
 Song of Slaying          Chrm           #.......     43%         2    ###....
 Conjure Flame            Conj/Fire      #.......     45%         3    ####...
 Dazzling Spray           Conj/Hex       #.....       45%         3    ####...
 Mephitic Cloud           Conj/Pois/Air  #.......     54%         3    ####...
 Call Canine Familiar     Summ           #.......     67%         3    ####...
 Regeneration             Chrm/Necr      #.........   67%         3    ####...
 Spectral Weapon          Hex/Chrm       #.......     67%         3    ####...
 Summon Guardian Golem    Hex/Summ       #.......     67%         3    ####...
 Iskenderun's Mystic Bla  Conj           #.......     67%         4    #####..
 Force Lance              Conj/Tloc      #.......     86%         4    #####..
 Fulminant Prism          Conj/Hex       #.........   86%         4    #####..
 Summon Ice Beast         Ice/Summ       #.......     97%         4    #####..
 Summon Lightning Spire   Summ/Air       #.......     97%         4    #####..


Dungeon Overview and Level Annotations

Branches:
Dungeon (8/15)             Temple (1/1) D:7
   Lair: D:8-11

Altars:
Dithmenos
Elyvilon
Fedhas
Gozag
Makhleb
Nemelex Xobeh
Okawaru
Sif Muna
Zin
The Shining One


Innate Abilities, Weirdness & Mutations

You are too large for most types of armour.
You have claws for hands.
Your metabolism is lightning-fast.
You like to eat raw meat.
Your natural rate of healing is unusually fast.
You are covered in fur. (AC +1)
You have very tough skin. (AC +2)


Message History

You hit the four-headed hydra.
The four-headed hydra is moderately wounded.
The four-headed hydra bites you but does no damage.
The four-headed hydra closely misses you.
The four-headed hydra bites you!
The four-headed hydra bites you but does no damage.
You sock the four-headed hydra!
The four-headed hydra is moderately wounded.
The four-headed hydra bites you! The four-headed hydra bites you.
The four-headed hydra bites you but does no damage.
The four-headed hydra bites you.
* * * LOW HITPOINT WARNING * * *
You hit the four-headed hydra.
The four-headed hydra is heavily wounded.
The four-headed hydra bites you!
* * * LOW HITPOINT WARNING * * *
The four-headed hydra bites you!
* * * LOW HITPOINT WARNING * * *
The four-headed hydra bites you!
You die...

#...............#########
#.# ###...##.....####
####### #...##.....#
P≈≈.' ########.### ≈≈≈≈#
#.# ≈.≈≈≈# #.# ###.....#
#.# #..Y.%.Y'
#.########K# #....@DYYK.#
#.######Y..# ## #.# #.###
### #. #.#
##.########.###. #.#
#............... #.#
#..#.##.##.(..<. ##.##
#..#.##.##...### ##...##
#..#.##.###.###.
##.#.#.###..#.##.# #.# #.


You could see a four-headed hydra, 2 yaks, 2 big kobolds and a dream sheep.

Vanquished Creatures
  Grinder (D:4)
  A hornet (D:5)
  A hippogriff (D:8)
  Sigmund (D:6)
  Menkaure (D:4)
  2 orc warriors (D:6)
  A black bear (D:7)
  3 phantoms
  An ice beast (D:5)
  A sky beast (D:7)
  7 ogres
  5 centaurs
  A wyvern zombie (D:6)
  2 scorpions (D:6)
  6 killer bees (D:8)
  A crimson imp (D:5)
  3 hounds
  Crazy Yiuf (D:4)
  A jelly (D:5)
  An orc wizard (D:6)
  A bullfrog skeleton (D:5)
  Terence (D:3)
  6 worker ants
  A hound skeleton (D:2)
  4 mummies (Ossuary)
  A worker ant zombie (D:8)
  8 adders
  9 gnolls
  3 shadow imps (D:5)
  An ooze (D:2)
  A worm (D:5)
  A dart slug (D:1)
  7 leopard geckos
  7 orcs
  8 giant cockroaches
  A gnoll zombie (Ossuary)
  11 hobgoblins
  10 jackals
  3 quokkas
  4 ball pythons
  7 bats
  6 frilled lizards
  4 gnoll skeletons (Ossuary)
  12 goblins
  2 goblin skeletons (Ossuary)
  3 goblin zombies (Ossuary)
  3 hobgoblin skeletons (Ossuary)
  2 hobgoblin zombies (Ossuary)
  8 kobolds
  3 kobold skeletons (Ossuary)
  7 kobold zombies (Ossuary)
  3 orc skeletons (Ossuary)
  3 orc zombies (Ossuary)
  6 rats
  4 rat skeletons (Ossuary)
  3 rat zombies (Ossuary)
205 creatures vanquished.

Vanquished Creatures (others)
  A gnoll zombie (Ossuary)
  2 goblin skeletons (Ossuary)
  A kobold skeleton (Ossuary)
  3 kobold zombies (Ossuary)
  2 orc skeletons (Ossuary)
  An orc zombie (Ossuary)
  A rat skeleton (Ossuary)
  A rat zombie (Ossuary)
  3 plants (D:8)
15 creatures vanquished.

Grand Total: 220 creatures vanquished

Notes
Turn   | Place    | Note
-------+----------+-------------------------------------------
     0 | D:1      | Rayvis the Troll Conjurer began the quest for the Orb.
     0 | D:1      | Reached XP level 1. HP: 16/16 MP: 1/1
    90 | D:1      | Reached skill level 1 in Unarmed Combat
    99 | D:1      | Reached XP level 2. HP: 18/24 MP: 0/2
   202 | D:1      | Reached skill level 2 in Unarmed Combat
   314 | D:1      | Reached XP level 3. HP: 31/31 MP: 0/3
   473 | D:1      | Reached skill level 3 in Unarmed Combat
   913 | D:2      | Reached XP level 4. HP: 39/39 MP: 4/4
  1175 | D:2      | Found a burning altar of Makhleb.
  1180 | D:2      | Found a glowing silver altar of Zin.
  1180 | D:2      | Noticed an angel
  1180 | D:2      | Noticed a cacodemon
  1447 | D:3      | Noticed Terence
  1532 | D:3      | Reached skill level 4 in Unarmed Combat
  1545 | D:3      | Noticed an ogre
  1751 | D:2      | Killed an ogre
  1751 | D:2      | Reached skill level 5 in Unarmed Combat
  1751 | D:2      | Reached XP level 5. HP: 38/45 MP: 5/5
  1819 | D:3      | Killed Terence
  2050 | D:3      | Reached XP level 6. HP: 39/53 MP: 3/6
  2056 | D:3      | Reached skill level 6 in Unarmed Combat
  2342 | D:4      | Noticed Grinder
  2360 | D:4      | Killed Grinder
  2360 | D:4      | Reached skill level 7 in Unarmed Combat
  2433 | D:4      | Reached XP level 7. HP: 45/59 MP: 3/7
  2526 | D:4      | Reached skill level 8 in Unarmed Combat
  2829 | D:4      | Noticed Menkaure
  2836 | D:4      | Killed Menkaure
  2836 | D:4      | Reached skill level 9 in Unarmed Combat
  2999 | D:4      | Found a runed door.
  3237 | D:4      | Reached XP level 8. HP: 65/67 MP: 6/8
  3321 | D:4      | Noticed Crazy Yiuf
  3326 | D:4      | Killed Crazy Yiuf
  3406 | D:5      | Entered Level 5 of the Dungeon
  3715 | D:5      | Reached skill level 10 in Unarmed Combat
  3719 | D:5      | Noticed a hornet
  3725 | D:5      | Killed a hornet
  3728 | D:5      | Got an encrusted quarterstaff
  3729 | D:5      | Identified the +4 quarterstaff "Weqeuzec" {crush, rPois}
                  | (You found it on level 5 of the Dungeon)
  3933 | D:5      | Reached skill level 11 in Unarmed Combat
  4766 | D:6      | Reached XP level 9. HP: 71/74 MP: 7/9
  4872 | D:6      | Noticed Sigmund
  4879 | D:6      | Killed Sigmund
  4994 | D:6      | Reached skill level 1 in Fighting
  5264 | D:6      | Found a blossoming altar of Fedhas.
  5746 | D:7      | Found a staircase to the Ecumenical Temple.
  5761 | Temple   | Entered the Ecumenical Temple
  5781 | Temple   | Became a worshipper of Warmaster Okawaru
  6443 | D:8      | Found a sand-covered staircase.
  6448 | Ossuary  | Entered an ossuary
  7299 | D:8      | Reached * piety under Okawaru
  7299 | D:8      | Reached skill level 5 in Fighting
  7404 | D:8      | Noticed a two-headed hydra
  7418 | D:8      | Slain by a four-headed hydra

Skill      XL: |  1  2  3  4  5  6  7  8  9 |
---------------+----------------------------+-----
Unarmed Combat | 1 2 3 5 7 9 11 | 11.8
Fighting       | 5 |  5.0
Dodging        | 3 |  3.9
Stealth        | |  1.0
Spellcasting   | |  1.2
Conjurations   | |  2.9

Action                   |  1- 3 |  4- 6 |  7- 9 || total
-------------------------+-------+-------+-------++-------
Melee: Unarmed           |   108 |   178 |   329 ||   615
       Punch             |       |     3 |    14 ||    17
       Quarterstaff      |       |       |     4 ||     4
 Fire: Hunting sling     |       |     3 |       ||     3
 Cast: Magic Dart        |    11 |    13 |     3 ||    27
  Use: Scroll            |       |     8 |     9 ||    17
 Stab: Sleeping          |     2 |     1 |     1 ||     4
  Eat: Chunk             |    11 |    10 |    32 ||    53
       Ration            |       |       |     4 ||     4
Armor: Robe              |    44 |    58 |    85 ||   187
Dodge: Dodged            |    52 |    85 |   111 ||   248
